 Dungeon Crawl Stone Soup version 0.22-a0-299-g43f9854 (webtiles) character file.

214 sankara the Firebug (level 5, 0/35 HPs)
             Began as a Demonspawn Fire Elementalist on Mar 25, 2018.
             Slain by Blork the orc
             ... wielding a +0 trident
              (6 damage)
             ... on level 4 of the Dungeon.
             The game lasted 00:11:06 (3093 turns).

sankara the Firebug (Demonspawn Fire Elementalist)  Turns: 3093, Time: 00:11:07

Health: 0/35       AC:  4    Str: 14    XL:     5   Next: 60%
Magic:  1/10       EV: 12    Int: 17    God:
Gold:   130        SH:  0    Dex: 13    Spells: 2/10 levels left

rFire    . . .     SeeInvis .   a - +3 whip
rCold    . . .     Gourm    .   (no shield)
rNeg     . . .     Faith    .   f - +0 robe
rPois    .         Spirit   .   (no helmet)
rElec    .         Reflect  .   t - scarf {repulsion}
rCorr    .         Harm     .   (no gloves)
MR       .....                  (no boots)
Stlth    ++........             e - amulet of regeneration {+regen, !d}
HPRegen  0.51/turn              (no ring)
MPRegen  0.12/turn              (no ring)

@: mighty, very slightly contaminated, repel missiles
A: claws 1, molten scales 1
a: no special abilities


You were on level 4 of the Dungeon.
You were hungry.

You visited 1 branch of the dungeon, and saw 4 of its levels.

You collected 130 gold pieces.

Inventory:

Hand Weapons
 a - a +3 whip (weapon)
   (You found it on level 1 of the Dungeon)
Missiles
 h - 141 stones (quivered)
 o - a throwing net {=f, !d}
Armour
 f - a +0 robe (worn)
 t - a scarf of repulsion (worn)
   (You found it on level 3 of the Dungeon)
Jewellery
 e - an amulet of regeneration (around neck) {+regen, !d}
   (You found it on level 1 of the Dungeon)
Scrolls
 d - a scroll of blinking {unknown}
 g - 3 scrolls of remove curse {unknown}
 i - 3 scrolls of identify {unknown}
 k - 5 scrolls of teleportation {unknown}
 m - 2 scrolls of magic mapping {unknown}
 n - 3 scrolls of enchant weapon {unknown}
 q - 2 scrolls of amnesia {unknown}
 w - a scroll of fog {unknown}
Potions
 b - a potion of berserk rage {unknown}
 l - 2 potions of heal wounds {unknown}
 p - a potion of flight {unknown}
 s - a potion of brilliance {unknown}
 u - 2 potions of curing
 v - a potion of agility {unknown}
Comestibles
 c - 6 rations
 r - 2 chunks of flesh {@w0}


   Skills:
 - Level 1.0 Maces & Flails
 - Level 1.7 Dodging
 - Level 1.7 Stealth
 + Level 3.4 Spellcasting
 + Level 3.1 Conjurations
 + Level 3.9 Fire Magic


You had 2 spell levels left.
You knew the following spells:

 Your Spells              Type           Power        Failure   Level  Hunger
a - Flame Tongue          Conj/Fire      ##...        3%          1    None
b - Conjure Flame         Conj/Fire      ##......     12%         3    ###....
c - Sticky Flame          Conj/Fire      ##......     36%         4    ####...


Dungeon Overview and Level Annotations

Branches:
Dungeon (4/15)
 Temple: D:4-7

Altars:

Annotations:
D:4 Blork the orc


Innate Abilities, Weirdness & Mutations

You have sharp fingernails.
You are partially covered in molten scales. (AC +2)


Message History

Aim: an adder skeleton (almost destroyed)
The flame tongue hits the adder skeleton.
You destroy the adder skeleton!
You start resting.
Magic restored.
Marking area around Blork the orc as unsafe for travelling.
Blork the orc comes into view.
He is wielding a trident.
Unknown command.
Press: ? - help, v - describe, . - travel
Here: Blork the orc, wielding a trident and wearing a robe (resting)
The floor.
Quiver which item? (- for none, * to show all) (? for menu, Esc to quit)
Okay, then.
Casting: Flame Tongue (safe; 3% risk of failure)
Confirm with . or Enter, or press ? or * to list all spells.
You can't see any susceptible monsters within range! (Use Z to cast anyway.)
Found a stone staircase leading down.
Casting: Flame Tongue (safe; 3% risk of failure)
Confirm with . or Enter, or press ? or * to list all spells.
You can't see any susceptible monsters within range! (Use Z to cast anyway.)
Casting: Flame Tongue (safe; 3% risk of failure)
Confirm with . or Enter, or press ? or * to list all spells.
Aiming: Flame Tongue (safe; 3% risk of failure)
Press: ? - help, Shift-Dir - straight line, f - Blork the orc
Aim: Blork the orc, wielding a trident and wearing a robe (resting)
The flame tongue hits Blork the orc.
Blork the orc is lightly wounded.
Blork the orc shouts!
Casting: Flame Tongue (safe; 3% risk of failure)
Confirm with . or Enter, or press ? or * to list all spells.
Aiming: Conjure Flame (safe; 12% risk of failure)
Press: ? - help, Dir - move target cursor, p - Blork the orc The fire ignites!
Casting: Conjure Flame (safe; 12% risk of failure)
Confirm with . or Enter, or press ? or * to list all spells.
Aiming: Flame Tongue (safe; 3% risk of failure)
Press: ? - help, Shift-Dir - straight line, f - Blork the orc
Aim: Blork the orc, wielding a trident and wearing a robe (lightly wounded)
The flame tongue hits Blork the orc.
Blork the orc is lightly wounded.
Blork the orc looks encouraged for a moment.
Casting: Flame Tongue (safe; 3% risk of failure)
Confirm with . or Enter, or press ? or * to list all spells.
Aiming: Flame Tongue (safe; 3% risk of failure)
Press: ? - help, Shift-Dir - straight line, f/p - Blork the orc
Aim: Blork the orc, wielding a trident and wearing a robe (lightly wounded)
The flame tongue hits Blork the orc.
Blork the orc appears unharmed.
Blork the orc is lightly wounded.
Blork the orc gestures at you while chanting.
You hear a sizzling sound!
Casting: Flame Tongue (safe; 3% risk of failure)
Confirm with . or Enter, or press ? or * to list all spells.
Aiming: Flame Tongue (safe; 3% risk of failure)
Press: ? - help, Shift-Dir - straight line, f/p - Blork the orc
Aim: Blork the orc, wielding a trident and wearing a robe (lightly wounded)
The flame tongue hits Blork the orc.
Blork the orc is heavily wounded.
Casting: Flame Tongue (safe; 3% risk of failure)
Confirm with . or Enter, or press ? or * to list all spells.
Aiming: Conjure Flame (safe; 12% risk of failure)
Press: ? - help, Dir - move target cursor, p - Blork the orc
Okay, then.
Unknown command.
Blork the orc looks braver for a moment.
Blork the orc gestures at you while chanting.
The puff of frost hits you! Blork the orc closely misses you.
Casting: Conjure Flame (safe; 12% risk of failure)
Confirm with . or Enter, or press ? or * to list all spells.
Aiming: Sticky Flame (quite dangerous; 36% risk of failure)
Press: ? - help, Shift-Dir - straight line, f/p - Blork the orc
Aim: Blork the orc, wielding a trident and wearing a robe (heavily wounded)
You miscast Sticky Flame.
You are very lightly contaminated with residual magic.
Nothing appears to happen.
Blork the orc hits you with a trident!
You hit Blork the orc.
Blork the orc is heavily wounded.
Blork the orc mumbles some strange words.
Blork the orc seems to speed up.
You closely miss Blork the orc.
Blork the orc is heavily wounded.
Blork the orc hits you with a trident. x2
You hit Blork the orc.
Blork the orc is severely wounded.
Blork the orc drinks a potion.
Blork the orc is healed!
You hit Blork the orc but do no damage.
Blork the orc is heavily wounded.
Blork the orc misses you. Blork the orc closely misses you.
It was a potion of might.
You feel very mighty all of a sudden.
Blork the orc looks encouraged for a moment.
You are feeling hungry.
You closely miss Blork the orc.
Blork the orc is heavily wounded.
Blork the orc hits you with a trident. x2
* * * LOW HITPOINT WARNING * * *
You whack Blork the orc!
Blork the orc is almost dead.
Blork the orc hits you with a trident.
You die...

..# .# ... ..# #># #.#
#.# ..##### #.# #.....
#.# .... ###
#.###.###.#####.#<#
#......o@.......#.#
#####.###.#######.####
#.# #.#..).......#
#.###.##.#########
#.#...##.# #.#.#.##.#
#.#.#.##.# #.#.#.##.#
#.#.##.#


You could see Blork the orc.

Vanquished Creatures
  A hound (D:4)
  An iguana (D:3)
  3 gnolls (D:2)
  5 adders
  An ooze (D:1)
  An adder skeleton (D:4)
  2 worms
  3 orcs
  7 giant cockroaches
  7 goblins
  6 hobgoblins
  7 jackals
  8 bats
  A frilled lizard (D:1)
  8 kobolds
  8 rats
69 creatures vanquished.

Notes
Turn   | Place    | Note
-------+----------+-------------------------------------------
     0 | D:1      | sankara the Demonspawn Fire Elementalist began the quest for the Orb.
     0 | D:1      | Reached XP level 1. HP: 13/13 MP: 3/3
   173 | D:1      | Gained mutation: You have sharp fingernails. [demonic ancestry]
   173 | D:1      | Reached XP level 2. HP: 19/19 MP: 1/5
   375 | D:1      | Reached skill level 3 in Fire Magic
   692 | D:1      | Reached XP level 3. HP: 19/24 MP: 6/6
  1342 | D:2      | Reached skill level 2 in Conjurations
  1369 | D:2      | Reached skill level 1 in Maces & Flails
  1433 | D:2      | Reached XP level 4. HP: 30/30 MP: 4/8
  1480 | D:2      | HP: 5/30 [gnoll/halberd (11)]
  1846 | D:2      | Learned a level 3 spell: Conjure Flame
  1851 | D:2      | Learned a level 4 spell: Sticky Flame
  1920 | D:3      | Reached skill level 3 in Spellcasting
  2251 | D:3      | Gained mutation: You are partially covered in molten scales. (AC +2) [demonic ancestry]
  2251 | D:3      | Reached XP level 5. HP: 34/35 MP: 7/9
  2955 | D:4      | Reached skill level 3 in Conjurations
  3069 | D:4      | Noticed Blork the orc
  3092 | D:4      | HP: 6/35 [Blork the orc/trident (6)]
  3093 | D:4      | Slain by Blork the orc

Vault maps used:
D:1:      lemuel_arrival_cross
D:3:      first_ration, minmay_misc_feat_chi, kennysheep_generic_room_15
D:4:      grunt_temple_overflow_gold_and_silver, lemuel_crystal_altar,
          nemelex_xobeh_ov_fountains_minmay, uniq_blork_the_orc

Skill      XL: |  1  2  3  4  5 |
---------------+----------------+-----
Fire Magic     | 3 |  3.9
Conjurations   | 2 3 |  3.1
Maces & Flails | 1 |  1.0
Spellcasting   | 3 |  3.4
Dodging        | |  1.7
Stealth        | |  1.7

Action                   |  1- 3 |  4- 6 || total
-------------------------+-------+-------++-------
Melee: Whip              |    78 |    17 ||    95
 Cast: Flame Tongue      |    24 |    84 ||   108
       Conjure Flame     |       |     3 ||     3
  Use: Potion            |       |     1 ||     1
 Stab: Sleeping          |     2 |       ||     2
  Eat: Chunk             |     2 |     5 ||     7
Armor: Robe              |    16 |     8 ||    24
Dodge: Dodged            |    62 |    27 ||    89

Table legend:
 A = Spawn XP
 B = Non-spawn XP
 C = Spawn XP percentage of total XP
 D = Spawn monster count
 E = Non-spawn monster count
 F = Spawn count percentage of total count
 G = Total turns spent on level
                    A         B        C        D         E        F      G
               +---------+---------+-------+---------+---------+-------+---------
         Total |       0 |     307 |   0.0 |       0 |      69 |   0.0 |  3093
               +---------+---------+-------+---------+---------+-------+---------
           D:1 |       0 |      43 |   0.0 |       0 |      23 |   0.0 |   960
           D:2 |       0 |      84 |   0.0 |       0 |      19 |   0.0 |   931
           D:3 |       0 |     126 |   0.0 |       0 |      24 |   0.0 |  1019
           D:4 |       0 |      54 |   0.0 |       0 |       3 |   0.0 |   183
               +---------+---------+-------+---------+---------+-------+---------

Vault maps used:
D:1:      lemuel_arrival_cross
D:3:      first_ration, minmay_misc_feat_chi, kennysheep_generic_room_15
D:4:      grunt_temple_overflow_gold_and_silver, lemuel_crystal_altar,
          nemelex_xobeh_ov_fountains_minmay, uniq_blork_the_orc

Table legend:
 A = Turns spent in this place as a percentage of turns spent in the entire game.
 B = Non-inter-level travel turns spent in this place as a percentage of non-inter-level travel turns spent in the entire game.
 C = Inter-level travel turns spent in this place as a percentage of turns spent in this place.
 D = Turns resting spent in this place as a percentage of non-inter-level travel turns spent in this place.
 E = Turns spent auto-exploring this place as a percentage of non-inter-level travel turns spent in this place.
 F = Non-inter-level travel turns spent in this place divided by the number of levels of this place that you've seen.
                   A       B       C       D       E      F
               +-------+-------+-------+-------+-------+----------------------
         Total | 100.0 | 100.0 |   4.6 |  23.5 |  50.0 | 738.0
       Dungeon | 100.0 | 100.0 |   4.6 |  23.5 |  50.0 | 738.0
               +-------+-------+-------+-------+-------+----------------------

Table legend:
 A = Kills in this place as a percentage of kills in entire the game.
 B = Kills by you in this place as a percentage of kills by you in the entire game.
 C = Kills by friends in this place as a percentage of kills by friends in the entire game.
 D = Other kills in this place as a percentage of other kills in the entire game.
 E = Experience gained in this place as a percentage of experience gained in the entire game.
 F = Experience gained in this place divided by the number of levels of this place that you have seen.
                   A       B       C       D       E      F
               +-------+-------+-------+-------+-------+----------------------
         Total | 100.0 | 100.0 |   N/A |   N/A | 100.0 |  76.8
       Dungeon | 100.0 | 100.0 |   N/A |   N/A | 100.0 |  76.8
               +-------+-------+-------+-------+-------+----------------------
